 Dungeon Crawl Stone Soup version 0.19.1 (webtiles) character file.

1561 empire the Digger (level 8, 0/41 HPs)
             Began as a Gargoyle Earth Elementalist on Dec 22, 2016.
             Was a Follower of Sif Muna.
             Slain by an orc warrior
             ... wielding a +0 flail
              (14 damage)
             ... on level 10 of the Dungeon.
             The game lasted 00:19:55 (6664 turns).

empire the Digger (Gargoyle Earth Elementalist)     Turns: 6664, Time: 00:19:56

Health: 0/41       AC: 13    Str: 19    XL:     8   Next: 89%
Magic:  1/15       EV: 12    Int: 18    God:    Sif Muna [*.....]
Gold:   261        SH:  0    Dex: 12    Spells: 5 memorised, 2 levels left

rFire  . . .     SeeInvis +     a - +0 morningstar
rCold  . . .     Gourm    .     c - +0 robe
rNeg   + . .     Faith    .     (no shield)
rPois  ∞         Spirit   .     O - +0 helmet
rElec  +         Reflect  .     (no cloak)
rCorr  .         Harm     .     (no gloves)
MR     +....                    (no boots)
Stlth  ++........               (no amulet)
                                L - ring of see invisible
                                i - +5 ring of protection

@: mighty
A: agile 1, magic resistance 1, negative energy resistance 1, electricity
resistance, strong 1, unbreathing, petrification resistance, rot immunity, AC +5
a: Divine Energy, Renounce Religion


You were on level 10 of the Dungeon.
You worshipped Sif Muna.
Sif Muna was aware of your devotion.
You were hungry.

You visited 2 branches of the dungeon, and saw 11 of its levels.

You collected 261 gold pieces.

Inventory:

Hand Weapons
 a - a +0 morningstar (weapon)
 e - a +3 flail
 p - a cursed -2 shortbow
 t - a +2 trident of piercing
Missiles
 b - 152 stones (quivered)
 q - 23 bolts
Armour
 c - a +0 robe (worn)
 A - a cursed +0 helmet
 C - a +0 leather armour
 O - a +0 helmet (worn)
Jewellery
 i - a +5 ring of protection (left hand)
 j - a +3 ring of strength {unknown}
 s - an uncursed amulet of magic regeneration {unknown}
 L - a ring of see invisible (right hand)
Wands
 v - a wand of flame (26/48)
 I - a wand of disintegration (9/24)
 M - a wand of confusion (27/48)
Scrolls
 f - a scroll of magic mapping {unknown}
 h - 7 scrolls of remove curse
 m - 4 scrolls of amnesia {unknown}
 o - 2 scrolls of immolation
 u - 2 scrolls of enchant weapon {unknown}
 y - 3 scrolls of teleportation {unknown}
 z - a scroll of enchant armour {unknown}
 B - a scroll of fog {unknown}
 D - a scroll of identify
 K - 2 scrolls of recharging {unknown}
Potions
 l - 2 potions of flight
 n - 2 potions of lignification
 x - 3 potions of brilliance
 F - a potion of resistance
Comestibles
 d - 6 bread rations
 g - 7 meat rations
 k - 4 fruits
 r - 9 chunks of flesh
 Q - a beef jerky
 T - a slice of pizza


   Skills:
 - Level 1.5 Dodging
 - Level 2.1 Stealth
 - Level 5.1 Spellcasting
 - Level 6.0 Conjurations
 + Level 5.3 Transmutations
 - Level 6.0 Earth Magic


You had 2 spell levels left.
You knew the following spells:

 Your Spells              Type           Power        Failure   Level  Hunger
a - Sandblast             Erth           ####..       1%          1    None
b - Passwall              Tmut/Erth      ####......   1%          2    #......
c - Stone Arrow           Conj/Erth      ####..       3%          3    ##.....
d - Petrify               Tmut/Erth      ####....     17%         4    ####...
e - Lee's Rapid Deconstr  Erth           ####......   34%         5    ######.


Dungeon Overview and Level Annotations

Branches:
Dungeon (11/15)            Temple (1/1) D:7            Lair (0/6) D:10
    Orc: D:9-12

Altars:
Ashenzari
Dithmenos
Elyvilon
Hepliaklqana
Makhleb
Nemelex Xobeh
Okawaru
Qazlal
Ru
Sif Muna
Trog
Uskayaw
Vehumet
Yredelemnul
Zin
The Shining One

Shops:
D:4 :

Annotations:
D:5 empire's ghost, amateur DrFE


Innate Abilities, Weirdness & Mutations

You are resistant to torment.
Your stone body is resilient. (AC +5)
You are immune to poison.
You resist negative energy. (rN+)
You are resistant to electric shocks. (rElec)
You can survive without breathing.
You are immune to petrification.
You are immune to rotting.
You are agile. (Dex +2)
You are resistant to hostile enchantments. (MR+)
Your muscles are strong. (Str +2)


Message History

* * * LOW HITPOINT WARNING * * *
Casting: Sandblast
Confirm with . or Enter, or press ? or * to list all spells.
Aiming: Sandblast
Press: ? - help, Shift-Dir - straight line, f/p - orc warrior
Aim: an orc warrior, wielding a flail and wearing a plate armour (heavily wounded)
The rocky blast hits the orc warrior.
The orc warrior is heavily wounded.
You feel very mighty all of a sudden.
The orc warrior hits you but does no damage.
You feel better. The orc warrior barely misses you.
a - a +0 morningstar (weapon)
The orc warrior barely misses you.
You closely miss the orc warrior.
The orc warrior is heavily wounded.
The orc warrior hits you with a flail.
You barely miss the orc warrior.
The orc warrior is heavily wounded.
The orc warrior hits you with a flail!
You die...

.........#..###††.....#
.........'>###.....P..#
.........###...P.P.P..##
#####+#####...P.P......#
##.PP.........##
#...÷PPP.P.P[PP#
#.P÷P.####PP...#
##..P.P#o>#r.....#
##......#@(#..PP..#
....P.PP.#'##.PPPP..
..###.P.P..÷.PP..... .
####......÷P....##
+....PP.P....P..#
#####....P.P...##
###.......## ##<...###
#...##


You could see an orc warrior.

Vanquished Creatures
  3 sky beasts
  A phantom (D:6)
  A black bear (D:8)
  A centaur (D:6)
  2 scorpions
  3 wights (D:7)
  4 killer bees
  A crimson imp (D:8)
  A howler monkey (D:5)
  A bullfrog zombie (D:5)
  2 hounds (D:4)
  4 orc priests
  A jelly (D:6)
  A bullfrog skeleton (D:6)
  2 worker ants
  A howler monkey zombie (D:6)
  4 gnolls (D:8)
  A howler monkey skeleton (D:4)
  4 adders
  3 river rats (D:10)
  2 oozes
  An adder skeleton (D:8)
  A worm (D:3)
  2 dart slugs
  9 leopard geckos
  10 orcs
  14 bats
  2 giant cockroaches
  8 hobgoblins
  5 jackals
  12 kobolds
  4 quokkas
  2 ball pythons
  5 frilled lizards
  5 goblins
  A quokka skeleton (D:6)
  A quokka zombie (D:4)
  15 rats
140 creatures vanquished.

Vanquished Creatures (others)
  2 fungi (D:10)
2 creatures vanquished.

Grand Total: 142 creatures vanquished

Notes
Turn   | Place    | Note
-------+----------+-------------------------------------------
     0 | D:1      | empire the Gargoyle Earth Elementalist began the quest for the Orb.
     0 | D:1      | Reached XP level 1. HP: 10/10 MP: 3/3
   187 | D:1      | Reached XP level 2. HP: 5/15 MP: 0/5
  1387 | D:2      | Reached skill level 5 in Earth Magic
  1387 | D:2      | Reached XP level 3. HP: 19/19 MP: 2/6
  1667 | D:2      | Found a faded altar of an unknown god.
  1817 | D:2      | Found a shadowy altar of Dithmenos.
  1833 | D:2      | Reached XP level 4. HP: 24/24 MP: 5/7
  2096 | D:3      | Found a basalt altar of Yredelemnul.
  2192 | D:3      | Found a basalt altar of Yredelemnul.
  2401 | D:3      | Learned a level 2 spell: Passwall
  2405 | D:3      | Learned a level 3 spell: Stone Arrow
  2851 | D:4      | Reached XP level 5. HP: 26/28 MP: 5/9
  2902 | D:4      | Learned a level 4 spell: Petrify
  3023 | D:4      | Found a sparkling altar of Nemelex Xobeh.
  3297 | D:4      | Found Qysomoc's Book Shop.
  3315 | D:4      | Found a burning altar of Makhleb.
  3319 | D:4      | Reached XP level 6. HP: 32/32 MP: 8/12
  3541 | D:5      | Entered Level 5 of the Dungeon
  3562 | D:5      | Noticed a sky beast
  3569 | D:5      | Killed a sky beast
  3577 | D:5      | Gained mutation: You are dopey. (Int -2) [mutagenic meat]
  3578 | D:5      | Gained mutation: You are partially covered in rugged brown scales. (AC +1, +3% HP) [mutagenic meat]
  3579 | D:5      | Gained mutation: You are weak. (Str -2) [mutagenic meat]
  3596 | D:5      | Reached skill level 5 in Spellcasting
  3635 | D:5      | Reached skill level 1 in Conjurations
  3665 | D:5      | Noticed empire's ghost (amateur DrFE)
  3675 | D:5      | Reached XP level 7. HP: 37/37 MP: 5/14
  4060 | D:6      | Lost mutation: You are weak. (Str -2) [potion of cure mutation]
  4060 | D:6      | Lost mutation: You are dopey. (Int -2) [potion of cure mutation]
  4060 | D:6      | Lost mutation: You are partially covered in rugged brown scales. (AC +1, +3% HP) [potion of cure mutation]
  4309 | D:6      | Reached skill level 5 in Conjurations
  4659 | D:6      | Learned a level 5 spell: Lee's Rapid Deconstruction
  4880 | D:7      | Reached XP level 8. HP: 38/41 MP: 12/15
  4889 | D:7      | Reached skill level 1 in Transmutations
  4905 | D:7      | Gained mutation: You are resistant to hostile enchantments. (MR+) [mutagenic meat]
  4906 | D:7      | Gained mutation: Your muscles are strong. (Str +2) [mutagenic meat]
  4907 | D:7      | Gained mutation: You are agile. (Dex +2) [mutagenic meat]
  5053 | D:7      | Found a staircase to the Ecumenical Temple.
  5076 | Temple   | Entered the Ecumenical Temple
  5435 | Temple   | Became a worshipper of Sif Muna the Loreminder
  5738 | D:7      | Found a shattered altar of Ashenzari.
  6428 | D:8      | Reached * piety under Sif Muna
  6462 | D:8      | You fall through a shaft for 3 floors!
  6474 | D:10     | Entered Level 10 of the Dungeon
  6496 | D:10     | Reached skill level 5 in Transmutations
  6647 | D:10     | Found a staircase to the Lair.
  6664 | D:10     | Slain by an orc warrior

Skill      XL: |  1  2  3  4  5  6  7  8 |
---------------+-------------------------+-----
Earth Magic    | 4 5 6 |  6.0
Spellcasting   | 4 5 |  5.1
Conjurations   | 2 6 |  6.0
Transmutations | 5 |  5.3
Dodging        | |  1.5
Stealth        | |  2.1

Action                   |  1- 3 |  4- 6 |  7- 9 || total
-------------------------+-------+-------+-------++-------
Melee: Dagger            |    49 |       |       ||    49
       Short sword       |       |     3 |       ||     3
       Morningstar       |       |       |    85 ||    85
 Cast: Sandblast         |    42 |    68 |   138 ||   248
       Stone Arrow       |       |       |     3 ||     3
  Use: Potion            |       |     1 |     3 ||     4
       Scroll            |       |       |    12 ||    12
  Eat: Chunk             |     4 |     8 |    12 ||    24
Armor: Robe              |    32 |     8 |   104 ||   144
Dodge: Dodged            |    71 |    24 |   182 ||   277
